 Dungeon Crawl Stone Soup version bcrawl-1.19.2-6-g6a88ae04c9 (webtiles) character file.

Game seed: 5172455551272500884

74 Mrkan the Skirmisher (level 4, -14/40 HPs)
             Began as a Minotaur Fighter on Dec 31, 2019.
             Was an Initiate of Ashenzari.
             Killed by divine providence
             ... invoked by an orc priest
              (16 damage)
             ... on level 3 of the Dungeon.
             The game lasted 00:02:03 (1381 turns).

Mrkan the Skirmisher (Minotaur Fighter)             Turns: 1381, Time: 00:02:04

Health: -14/40     AC: 11    Str: 20    XL:     4   Next: 9%
Magic:  3/3        EV:  3    Int:  5    God:    Ashenzari [......]
Gold:   79         SH:  9    Dex: 11    Spells: 3/3 levels left

rFire    . . .     SeeInvis .   a - +0 war axe
rCold    . . .     Gourm    .   c - +0 shield (curse)
rNeg     . . .     Faith    .   q - +0 plate armour (curse)
rPois    .         Spirit   .   (helmet restricted)
rElec    .         Reflect  .   (no cloak)
rCorr    .         Harm     .   (no gloves)
MR       .....                  (no boots)
Stlth    ..........             (no amulet)
HPRegen  0.13/turn              (no ring)
MPRegen  0.08/turn              (no ring)

@: no status effects
A: retaliatory headbutt, horns 2
a: Curse Item, Renounce Religion


You were on level 3 of the Dungeon.
You worshipped Ashenzari.
Ashenzari was noncommittal.
You were hungry.

You visited 1 branch of the dungeon, and saw 3 of its levels.

You collected 79 gold pieces.

Inventory:

Hand Weapons
 a - a +0 war axe (weapon)
Armour
 b - a +0 scale mail
 c - a cursed +0 shield (worn)
 q - a cursed +0 plate armour (worn)
Jewellery
 n - a cursed amulet of the gourmand
Scrolls
 e - 4 scrolls of identify {unknown}
 h - 5 scrolls of enchant armour {unknown}
 j - a scroll of remove curse {unknown}
 k - a scroll of amnesia {unknown}
 l - a scroll of magic mapping {unknown}
 o - 2 scrolls of teleportation {unknown}
 p - a scroll of fog {unknown}
Potions
 d - a potion of might
 g - a potion of degeneration {unknown}
 i - 2 potions of ambrosia {unknown}
 m - 2 potions of agility {unknown}
Comestibles
 f - 6 rations {!d}


   Skills:
 + Level 4.2 Fighting
 * Level 3.8 Axes
 + Level 4.2 Armour
 + Level 4.1 Shields


You had 3 spell levels left.
You didn't know any spells.
Your spell library was empty.

Dungeon Overview and Level Annotations

Branches:
Dungeon (3/12)

Altars:
Ashenzari


Innate Abilities, Weirdness & Mutations

You reflexively headbutt those who attack you in melee.
You have a pair of horns on your head.


Message History

The orc is severely wounded.
You hit the orc priest.
You hear a shout! x2; You hear an angry hiss.
The orc hits you but does no damage.
The orc priest mumbles some strange prayers to Beogh against you.
Beogh smites you! The orc hits you with a +0 club.
The orc hits you but does no damage.
You hit the orc priest.
The orc priest is severely wounded.
Your shield prevents you from hitting the orc.
You block the orc's attack.
An orc comes into view. It is wielding a +0 dagger.
The orc priest mumbles some strange prayers to Beogh against you.
Pain shoots through your body!
* * * LOW HITPOINT WARNING * * *
The orc hits you but does no damage. The orc hits you with a +0 club.
* * * LOW HITPOINT WARNING * * *
The orc priest invokes the aid of Beogh against you.
Beogh smites you!
You die...

o# .#
#####.##
......
#.... #.o.
#oo#####.#
#..@oo...#
#<.#)#.###
##.#.....#
..###.###
#### .# #


You could see 2 orc priests and 3 orcs.

Vanquished Creatures
  An orc wizard (D:3)
  A dart slug (D:2)
  A worm (D:2)
  A leopard gecko (D:2)
  3 orcs (D:3)
  A ball python (D:2)
  6 bats
  3 giant cockroaches
  5 goblins
  6 hobgoblins
  4 jackals (D:2)
  A quokka (D:2)
  A frilled lizard (D:1)
  4 kobolds
  2 rats (D:1)
40 creatures vanquished.

Notes
Turn   | Place    | Note
-------+----------+-------------------------------------------
     0 | D:1      | Mrkan the Minotaur Fighter began the quest for the Orb.
     0 | D:1      | Reached XP level 1. HP: 19/19 MP: 0/0
   197 | D:1      | Reached XP level 2. HP: 27/27 MP: 1/1
   878 | D:2      | Reached XP level 3. HP: 31/33 MP: 2/2
  1273 | D:2      | Found a shattered altar of Ashenzari.
  1282 | D:2      | Became a worshipper of Ashenzari the Shackled
  1369 | D:3      | Reached XP level 4. HP: 40/40 MP: 3/3
  1381 | D:3      | HP: 2/40 [orc/+0 club (1)]
  1381 | D:3      | Killed from afar by an orc priest

Skill      XL: |  1  2  3 |
---------------+----------+-----
Axes           | 3 |  3.8
Armour         | 4 |  4.2
Fighting       | 4 |  4.2
Shields        | 4 |  4.1

Action                   |  1- 3 |  4- 6 || total
-------------------------+-------+-------++-------
Melee: War axe           |    94 |    12 ||   106
       Headbutt          |    11 |     2 ||    13
Invok: Curse Item        |     2 |       ||     2
  Eat: Chunk             |     1 |       ||     1
Armor: Scale mail        |    35 |       ||    35
       Plate armour      |    39 |    11 ||    50
Dodge: Dodged            |    21 |     3 ||    24
Block: Shield            |    75 |     7 ||    82
